Map: Cyber Forest LE

Players

Cham - Winner!

  • Race: Zerg Zerg
  • Spawn Location: 5:00

GogojOey

  • Race: Zerg Zerg
  • Spawn Location: 11:00

Event: 2019 WCS Spring

VOD

Have the link to the VOD?

Description

Time

  • Played on: May 17, 2019, 1:02 p.m.
  • Length: 12:43

All games in this series

Show
View Real Time Build Order
Export as new Build Order

Cham Zerg - Winner!

Build Orders: Hatch First 

Get SALT Encoding   

  12  0:00  Drone  
  13  0:09  Drone  
  14  0:17  Overlord  
  14  0:35  Drone x2  
  16  0:48  Hatchery  
  15  1:03  Spawning Pool  
  14  1:06  Drone  
  15  1:11  Extractor  
  15  1:12  Drone  
  15  1:16  Drone  
  16  1:20  Drone  
  17  1:29  Drone  
  18  1:43  Drone  
  19  1:49  Queen  
  19  1:51  Zergling x2  
  22  1:59  Queen  
  22  2:00  Drone  
  25  2:01  Drone  
  26  2:10  Metabolic Boost  
  26  2:12  Drone x2  
  28  2:23  Overlord  
  28  2:38  Hatchery  
  28  2:40  Drone  
  28  2:45  Drone  
  28  2:47  Baneling Nest  
  28  2:49  Zergling x2  
  29  2:57  Zergling x2  
  30  2:59  Overlord  
  30  3:01  Zergling x2  
  30  3:04  Zergling x2  
  32  3:06  Zergling x2  
  32  3:09  Zergling x2  
  32  3:11  Zergling x2  
  35  3:16  Overlord  
  34  3:20  Zergling x2  
  34  3:23  Zergling x2  
  34  3:24  Zergling x2  
  34  3:27  Zergling x2  
  38  3:31  Baneling x3  
  38  3:33  Zergling x2  
  39  3:40  Baneling  
  39  3:41  Zergling x4  
  39  3:42  Zergling x2  
  38  3:49  Zergling x4  
  38  3:53  Zergling x2  
  40  3:58  Zergling x2  
  40  3:59  Zergling x4  
  42  4:02  Baneling  
  42  4:03  Baneling  
  42  4:06  Zergling x4  
  44  4:10  Zergling x2  
  44  4:17  Zergling x2  
  46  4:21  Zergling x2  
  46  4:22  Zergling x6  
  49  4:32  Drone x3  
  49  4:33  Drone  
  51  4:42  Zergling x2  
  51  4:43  Zergling x6  
  46  4:54  Zergling x8  
  46  4:59  Drone x2  
  51  5:06  Drone x3  
  54  5:12  Queen  
  55  5:18  Overlord  
  55  5:21  Overlord  
  55  5:25  Drone  
  55  5:27  Drone  
  57  5:31  Overlord  
  57  5:39  Drone  
  58  5:45  Drone x7  
  65  5:50  Roach Warren  
  65  5:56  Drone x3  
  67  6:01  Drone  
  67  6:02  Drone x2  
  70  6:05  Extractor  
  70  6:06  Extractor  
  70  6:07  Drone  
  70  6:08  Drone x2  
  70  6:10  Drone  
  72  6:15  Lair  
  72  6:17  Overlord  
  72  6:23  Evolution Chamber  
  72  6:24  Overlord  
  71  6:29  Drone x2  
  71  6:30  Roach  
  71  6:31  Roach  
  77  6:34  Roach x2  
  77  6:37  Roach  
  77  6:39  Overlord  
  83  6:42  Roach  
  83  6:43  Roach  
  86  6:48  Roach x2  
  86  6:51  Roach x2  
  94  6:57  Roach x2  
  94  6:59  Zerg Missile Weapons Level 1  
  98  7:01  Overlord  
  98  7:04  Roach  
  98  7:06  Roach  
  102  7:09  Roach  
  102  7:11  Drone x2  
  102  7:14  Overlord  
  102  7:15  Overlord  
  106  7:17  Glial Reconstitution  
  106  7:22  Extractor, Drone x2  
  107  7:24  Roach  
  107  7:26  Roach  
  107  7:28  Roach  
  113  7:34  Overlord  
  113  7:35  Roach, Drone  
  113  7:36  Roach  
  118  7:39  Roach  
  118  7:40  Roach  
  118  7:43  Roach  
  123  7:45  Roach  
  123  7:47  Roach  
  123  7:48  Roach  
  123  7:50  Overlord  
  129  7:54  Roach x2  
  129  7:56  Roach  
  133  7:59  Roach  
  133  8:00  Roach  
  137  8:09  Roach x2  
  137  8:10  Roach x2  
  134  8:14  Roach x3  
  134  8:19  Roach x2  
  126  8:23  Roach, Zergling x2  
  126  8:26  Roach  
  117  8:29  Roach, Zergling x2  
  104  8:36  Roach x3  
  104  8:38  Roach  
  112  8:42  Roach x2  
  112  8:44  Overlord  
  112  8:47  Roach x2  
  118  8:50  Roach, Zergling x6  
  118  8:54  Roach x2  
  111  9:03  Roach x2  
  111  9:04  Roach x2  
  111  9:08  Roach x2  
  109  9:10  Roach  
  106  9:17  Roach  
  106  9:18  Roach x2  
  106  9:20  Roach  
  106  9:22  Roach  
  106  9:23  Zergling x6  
  105  9:25  Roach  
  97  9:33  Roach x3, Zergling x2  
  97  9:37  Roach  
  97  9:38  Roach  
  102  9:41  Roach  
  94  9:46  Roach x2  
  94  9:49  Roach x3  
  106  9:52  Roach  
  106  9:54  Roach, Zergling x2  
  106  9:58  Roach  
  106  9:59  Roach  
  113  10:01  Roach  
  113  10:04  Roach  
  115  10:07  Roach  
  115  10:10  Roach  
  115  10:11  Roach  
  115  10:13  Roach  
  102  10:14  Roach, Zergling x2  
  102  10:17  Roach  
  102  10:19  Roach  
  100  10:22  Roach  
  100  10:24  Roach  
  100  10:26  Roach  
  103  10:29  Roach, Zergling x2  
  103  10:30  Zergling x2  
  103  10:31  Roach  
  103  10:33  Roach  
  111  10:36  Roach  
  111  10:40  Roach  
  113  10:43  Roach x2  
  113  10:46  Roach  
  113  10:47  Roach  
  113  10:48  Zergling x2  
  115  10:54  Roach x2  
  115  10:56  Roach x2  
  107  10:58  Roach  
  107  11:02  Roach  
  101  11:04  Roach  
  101  11:05  Roach, Zergling x2  
  101  11:08  Queen  
  98  11:12  Roach x2  
  98  11:15  Roach  
  100  11:19  Roach  
  100  11:25  Zergling x4  
  104  11:31  Roach  
  106  11:38  Roach x4, Zergling x2  
  114  11:40  Roach  
  114  11:43  Zergling x2  
  114  11:44  Extractor, Zergling x6  
  121  11:47  Roach x2  
  121  11:49  Roach  
  121  11:51  Zergling x2  
  126  11:56  Roach x2  
  126  11:58  Roach  
  132  12:06  Roach x2  
  132  12:07  Roach  
  132  12:08  Roach x2  
  139  12:11  Roach  
  143  12:21  Roach x4  
  143  12:22  Roach  
  134  12:23  Roach, Zergling x2  
Show
View Real Time Build Order
Export as new Build Order

GogojOey Zerg 

Build Orders: Hatch First 

Get SALT Encoding   

  12  0:00  Drone  
  13  0:12  Overlord  
  13  0:16  Drone  
  14  0:30  Drone  
  14  0:31  Drone  
  14  0:34  Drone  
  17  0:51  Hatchery  
  17  0:55  Drone  
  17  0:58  Drone  
  18  1:09  Extractor  
  17  1:13  Spawning Pool  
  17  1:16  Drone  
  17  1:19  Drone  
  18  1:28  Drone  
  19  1:39  Overlord  
  19  1:49  Drone  
  20  2:00  Queen, Drone  
  23  2:03  Queen, Drone  
  26  2:09  Metabolic Boost  
  26  2:11  Drone  
  26  2:14  Drone  
  28  2:21  Zergling x2  
  29  2:28  Drone  
  30  2:36  Hatchery  
  29  2:38  Drone  
  29  2:39  Drone  
  29  2:43  Drone  
  32  2:54  Overlord  
  32  3:03  Zergling x4  
  34  3:11  Zergling x2  
  34  3:12  Zergling x4  
  37  3:13  Zergling x10  
  42  3:22  Zergling x2  
  42  3:24  Roach Warren  
  42  3:25  Zergling x2  
  43  3:32  Zergling x2  
  44  3:39  Zergling x2  
  43  3:46  Overlord  
  41  3:51  Overlord  
  37  4:07  Roach x8  
  37  4:09  Roach  
  53  4:16  Roach x3  
  59  4:21  Zergling x4  
  59  4:23  Zergling x2  
  62  4:35  Overlord  
  62  4:36  Overlord  
  62  4:40  Overlord  
  62  4:52  Overlord  
  50  4:54  Ravager  
  50  4:55  Zergling x8  
  50  4:56  Drone x2  
  57  5:04  Drone  
  58  5:10  Drone  
  58  5:13  Drone  
  58  5:14  Evolution Chamber  
  59  5:18  Drone  
  59  5:20  Lair  
  60  5:25  Drone  
  61  5:29  Drone  
  61  5:31  Extractor  
  61  5:32  Extractor, Drone x2  
  61  5:33  Drone  
  63  5:42  Zerg Missile Weapons Level 1  
  62  5:45  Drone x2  
  62  5:46  Drone  
  62  5:47  Drone  
  66  5:50  Overlord  
  68  5:57  Roach  
  68  6:00  Roach  
  71  6:04  Roach  
  71  6:08  Overlord  
  71  6:09  Overlord  
  71  6:10  Roach x2  
  75  6:14  Roach x2  
  79  6:22  Roach x2  
  81  6:29  Roach  
  83  6:35  Glial Reconstitution  
  83  6:38  Queen x2  
  87  6:41  Overlord  
  89  6:54  Roach, Hatchery  
  89  7:00  Roach x2  
  92  7:06  Roach x3  
  98  7:10  Roach  
  98  7:14  Roach  
  106  7:22  Roach  
  106  7:23  Roach x2  
  108  7:33  Roach x3  
  114  7:44  Roach x2  
  118  7:48  Roach x2  
  122  7:54  Evolution Chamber  
  122  7:58  Roach  
  123  8:00  Overlord x2  
  113  8:14  Roach x6  
  105  8:20  Roach x3  
  92  8:28  Roach x2  
  86  8:36  Roach x2  
  86  8:37  Drone  
  86  8:40  Drone  
  86  8:41  Drone  
  93  8:47  Ravager x2  
  95  8:50  Roach x2  
  95  8:55  Roach  
  91  9:03  Roach x3  
  93  9:11  Roach x3  
  93  9:16  Roach  
  89  9:24  Roach x2  
  89  9:25  Roach  
  90  9:33  Roach x3  
  92  9:40  Roach x2  
  92  9:43  Drone x3  
  93  9:47  Ravager  
  93  9:48  Ravager  
  95  9:56  Roach x3  
  101  10:03  Roach x2  
  101  10:07  Roach  
  103  10:11  Roach  
  90  10:16  Roach x2  
  78  10:24  Roach x3  
  79  10:28  Roach  
  79  10:34  Roach x2  
  85  10:39  Roach x2  
  87  10:44  Roach  
  87  10:46  Roach  
  85  10:55  Roach x3  
  81  10:59  Roach  
  81  11:00  Roach  
  77  11:06  Roach x2  
  77  11:10  Roach  
  79  11:17  Roach x2  
  81  11:21  Roach x2  
  81  11:23  Extractor  
  86  11:25  Roach  
  86  11:31  Roach x2  
  84  11:34  Roach  
  84  11:40  Drone  
  84  11:41  Drone  
  84  11:42  Drone x2  
  84  11:44  Roach x3  
  84  11:47  Roach  
  96  11:51  Roach  
  98  11:54  Drone  
  98  11:55  Roach  
  98  11:59  Roach  
  103  12:04  Ravager  
  103  12:07  Roach x3  
  110  12:12  Roach  
  112  12:21  Roach  
  112  12:22  Roach x3  
Tags
 
Add a new tag
Caveats
  • Supply blocks, unpowered buildings, or Contaminate may cause inaccurate times.
  • Supply counts are checked every 10 seconds.